 Dungeon Crawl Stone Soup version 0.22.1-1-ga44c0e56f4 (webtiles) character file.

228 Elric the Chopper (level 5, 0/49 HPs)
             Began as a Deep Dwarf Fighter on Nov 9, 2018.
             Was an Initiate of the Shining One.
             Slain by an iguana (5 damage)
             ... on level 4 of the Dungeon.
             The game lasted 00:04:14 (2165 turns).

Elric the Chopper (Deep Dwarf Fighter)              Turns: 2165, Time: 00:04:14

Health: 0/49       AC:  7    Str: 21    XL:     5   Next: 71%
Magic:  5/5        EV:  7    Int:  8    God:    the Shining One [......]
Gold:   168        SH:  9    Dex: 14    Spells: 4/4 levels left

rFire    . . .     SeeInvis .   o - +2 hand axe (elec)
rCold    . . .     Gourm    .   c - +0 shield
rNeg     . . .     Faith    .   e - +0 scale mail (curse)
rPois    .         Spirit   .   (no helmet)
rElec    .         Reflect  .   (no cloak)
rCorr    .         Harm     .   (no gloves)
MR       .....     Rnd*Tele +   (no boots)
Stlth    ..........             (no amulet)
HPRegen  0.00/turn              j - +2 ring of dexterity
MPRegen  0.09/turn              l - ring of teleportation (curse)

@: lethally poisoned (0 -> 0), non-regenerating, glowing
A: damage resistance, heal wounds, sense surroundings 1, no regeneration
a: Heal Wounds, Renounce Religion


You were on level 4 of the Dungeon.
You worshipped the Shining One.
The Shining One was noncommittal.
You were not hungry.

You visited 2 branches of the dungeon, and saw 5 of its levels.

You collected 168 gold pieces.

Inventory:

Hand Weapons
 a - a +0 war axe
 o - a +2 hand axe of electrocution (weapon)
Armour
 b - a +0 scale mail
 c - a +0 shield (worn)
 e - a cursed +0 scale mail (worn)
Jewellery
 j - a +2 ring of dexterity (left hand)
 l - a cursed ring of teleportation (right hand)
Scrolls
 g - a scroll of amnesia
 i - a scroll of fog {unknown}
 m - 4 scrolls of identify {unknown}
 n - 2 scrolls of enchant weapon {unknown}
 r - a scroll of fear {unknown}
 s - a scroll of teleportation {unknown}
 t - a scroll of enchant armour {unknown}
Potions
 d - a potion of might
 h - a potion of cancellation {unknown}
 k - 4 potions of invisibility {unknown}
 p - a potion of lignification {unknown}
 q - a potion of haste {unknown}
Comestibles
 f - 8 rations


   Skills:
 - Level 3.0 Fighting
 + Level 5.7 Axes
 - Level 3.8 Armour
 - Level 0.7 Dodging
 - Level 0.2 Stealth
 - Level 3.7 Shields


You had 4 spell levels left.
You didn't know any spells.
Your spell library was empty.

Dungeon Overview and Level Annotations

Branches:
Dungeon (4/15)             Temple (1/1) D:4

Altars:
Ashenzari
Cheibriados
Dithmenos
Elyvilon
Fedhas
Gozag
Hepliaklqana
Kikubaaqudgha
Okawaru
Ru
Sif Muna
Trog
Uskayaw
Vehumet
Wu Jian
Xom
Yredelemnul
The Shining One

Annotations:
D:4 1 runed door


Innate Abilities, Weirdness & Mutations

You are resistant to damage.
You can heal yourself by infusing magical energy.
You passively map a small area around you.
You do not regenerate.


Message History

The iguana bites you but does no damage.
You barely miss the iguana.
The iguana is heavily wounded.
The iguana bites you.
Your shield and scale mail prevent you from hitting the iguana.
The iguana is heavily wounded.
The iguana bites you!
* * * LOW HITPOINT WARNING * * *
You closely miss the iguana.
The iguana is heavily wounded.
The iguana bites you!
* * * LOW HITPOINT WARNING * * *
You hit the iguana.
The iguana is severely wounded.
The iguana bites you.
* * * LOW HITPOINT WARNING * * *
You hit the iguana.
The iguana is almost dead.
The iguana bites you.
You die...

###############
* +
...............,
,...............
,
.......l.......
, , ,
.......@.......
, ,
...............,
, * ,
...............
, ,
#+####+###...##
* * , * *...# ,
, .... , * , ...
, ... , ,, * ,


You could see an iguana.

Vanquished Creatures
  A howler monkey (D:4)
  2 iguanas
  2 worker ants (D:4)
  A gnoll (D:4)
  2 oozes
  2 dart slugs
  3 orcs
  5 giant cockroaches
  8 goblins
  5 hobgoblins
  5 jackals
  12 kobolds
  4 quokkas
  5 bats
  4 frilled lizards
  4 rats
65 creatures vanquished.

Notes
Turn   | Place    | Note
-------+----------+-------------------------------------------
     0 | D:1      | Elric the Deep Dwarf Fighter began the quest for the Orb.
     0 | D:1      | Reached XP level 1. HP: 20/20 MP: 1/1
    95 | D:1      | Reached XP level 2. HP: 25/27 MP: 2/2
   494 | D:1      | Reached XP level 3. HP: 31/34 MP: 3/3
   562 | D:2      | Found an opulent altar of Gozag.
   630 | D:2      | Found a deep blue altar of Sif Muna.
   642 | D:2      | Reached skill level 3 in Axes
   646 | D:2      | Found a faded altar of an unknown god.
   938 | D:2      | Found a shattered altar of Ashenzari.
   942 | D:2      | Found a snail-covered altar of Cheibriados.
  1497 | D:3      | Found an ornate altar of the Wu Jian Council.
  1498 | D:3      | Found a blossoming altar of Fedhas.
  1571 | D:3      | Reached XP level 4. HP: 12/42 MP: 4/4
  1688 | D:4      | Reached skill level 4 in Axes
  1725 | D:4      | Reached XP level 5. HP: 8/49 MP: 5/5
  1776 | D:4      | Reached skill level 5 in Axes
  1823 | D:4      | Found a runed door.
  1888 | D:4      | Found a staircase to the Ecumenical Temple.
  1904 | Temple   | Entered the Ecumenical Temple
  2092 | Temple   | Became a worshipper of the Shining One
  2165 | D:4      | Slain by an iguana

Skill      XL: |  1  2  3  4  5 |
---------------+----------------+-----
Fighting       | 3 |  3.0
Axes           | 3 4 5 |  5.7
Armour         | |  3.8
Dodging        | |  0.7
Stealth        | |  0.2
Shields        | |  3.7

Action                   |  1- 3 |  4- 6 || total
-------------------------+-------+-------++-------
Melee: War axe           |   118 |       ||   118
       Hand axe          |     4 |    37 ||    41
 Abil: Heal Wounds       |       |     1 ||     1
  Use: Scroll            |     2 |       ||     2
  Eat: Chunk             |     2 |     2 ||     4
Armor: Scale mail        |    71 |     9 ||    80
Dodge: Dodged            |    40 |     4 ||    44
Block: Shield            |    80 |    20 ||   100
